 Dungeon Crawl Stone Soup version 0.29.1-15-g9cfb28693d (webtiles) character file.

Game seed: 5202752632227892363

142 javelincjr the Magician (level 5, -1/35 HPs)
             Began as a Djinni Conjurer on Feb 24, 2023.
             Killed by miscasting Iskenderun's Mystic Blast (2 damage)
             ... on level 5 of the Dungeon.
             The game lasted 00:06:21 (2548 turns).

javelincjr the Magician (Djinni Conjurer)           Turns: 2548, Time: 00:06:22

Health: -1/35      AC:  6    Str:  8    XL:     5   Next: 50%
Gold:   118        EV: 17    Int: 20    God:
                   SH:  0    Dex: 11

rFire   + + .      SeeInvis .   i - +1 dagger (vamp)
rCold   x . .      Faith    .   (no shield)
rNeg    . . .      Spirit   .   a - +0 robe
rPois   ∞          Reflect  .   (no helmet)
rElec   .          Harm     .   (no cloak)
rCorr   .          Rampage  .   (no gloves)
Will    .....                   (boots unavailable)
Stlth   ++........              (no amulet)
HPRegen 0.11/turn               d - +4 ring of evasion
MPRegen 0.00/turn               g - +4 ring of protection

@: flying, very slightly contaminated
A: sickness immunity, fire resistance 2, cold vulnerability 1, float, innate
caster, HP casting, extra vitality 1
a: no special abilities


You were on level 5 of the Dungeon.
You visited 1 branch of the dungeon, and saw 4 of its levels.

You collected 118 gold pieces.

Inventory:

Hand Weapons
 i - a +1 vampiric dagger (weapon)
Armour
 a - a +0 robe (worn)
Magical Staves
 l - a staff of fire
Jewellery
 d - a +4 ring of evasion (left hand)
 g - a +4 ring of protection (right hand)
 n - a +4 ring of protection
Scrolls
 e - a scroll of noise {unknown}
 h - a scroll of teleportation {unknown}
 j - 4 scrolls of enchant weapon {unknown}
 m - a scroll of magic mapping {unknown}
 p - a scroll of amnesia {unknown}
 q - a scroll of poison {unknown}
Potions
 b - a potion of might {unknown}
 c - a potion of attraction {unknown}
 f - a potion of lignification {unknown}
 k - 2 potions of mutation {unknown}
 o - a potion of brilliance {unknown}


   Skills:
 + Level 3.7 Dodging
 + Level 2.9 Stealth
 + Level 3.9 Spellcasting


You couldn't memorise any spells.
You knew the following spells:

 Your Spells              Type           Power      Damage    Failure   Level
a - Magic Dart            Conj           76%        1d6       2%          1
b - Searing Ray           Conj           38%        2d5       3%          2
c - Dazzling Flash        Conj/Hex       38%        N/A       8%          3
d - Fulminant Prism       Conj/Hex       9%         3d7       26%         4
e - Iskenderun's Mystic   Conj/Tloc      19%        2d6       26%         4
f - Freeze                Ice            76%        1d9       2%          1
g - Call Imp              Summ           19%        N/A       3%          2
Your spell library was empty.

Dungeon Overview and Level Annotations

Branches:
Dungeon (5/15)
 Temple: D:4-7

Altars:


Innate Abilities, Weirdness & Mutations

You are immune to sickness and miasma.
You are immune to poison.
Your flesh is very heat resistant. (rF++)
You are vulnerable to cold. (rC-)
You float through the air rather than walking.
You learn spells naturally, not from books.
Your magical power is your life essence.
You have superior vitality. (+4 MHP)


Message History

An orc comes into view. It is wielding a +2 dagger of draining.
Casting: Fulminant Prism (extremely dangerous; 26% risk of failure)
Confirm with . or Enter, or press ? or * to list all spells.
The spell is extremely dangerous to miscast (26% risk of failure)!
Continue anyway?
You miscast Iskenderun's Mystic Blast.
You are very lightly contaminated with residual magic.
A wave of violent energy washes through your body!
Casting: Iskenderun's Mystic Blast (extremely dangerous; 26% risk of failure)
Confirm with . or Enter, or press ? or * to list all spells.
The spell is extremely dangerous to miscast (26% risk of failure)!
Continue anyway?
You erupt in a blast of force!
The mystic blast hits the black bear.
The black bear is severely wounded.
The black bear is knocked back by the mystic blast.
* * * LOW HITPOINT WARNING * * *
A jelly comes into view.
Found a hand axe.
Casting: Iskenderun's Mystic Blast (extremely dangerous; 26% risk of failure)
Confirm with . or Enter, or press ? or * to list all spells.
The spell is extremely dangerous to miscast (26% risk of failure)!
Continue anyway?
You erupt in a blast of force!
The mystic blast hits the jelly!
The jelly is severely wounded.
The jelly is knocked back by the mystic blast.
The jelly collides with the black bear!
The black bear is severely wounded.
The jelly is almost dead.
* * * LOW HITPOINT WARNING * * *
The black bear goes berserk!
Found 5 gold pieces.
Your magical contamination has completely faded away.
You see here 5 gold pieces.
The jelly closely misses you.
Casting: Iskenderun's Mystic Blast (extremely dangerous; 26% risk of failure)
Confirm with . or Enter, or press ? or * to list all spells.
The spell is extremely dangerous to miscast (26% risk of failure)!
Continue anyway? [Y]es or [N]o only, please.
The spell is extremely dangerous to miscast (26% risk of failure)!
Continue anyway?
You miscast Iskenderun's Mystic Blast.
You are very lightly contaminated with residual magic.
You are caught in a violent explosion.
You die...

# ..#... . .#.# ###
. ... .. #.#.# .#
.##.#.#####.###.##
.........h@.......
##.#.#..J........
#####.#.............
........#.###.###..#
.......oo....... ..
#######o#.....### .
###.............
....###.##......# #
###. #o##......# .


You could see a black bear (berserk), a jelly and 3 orcs.

Vanquished Creatures
  A hound (D:5)
  Jessica (D:2)
  2 adders
  A worm (D:2)
  6 orcs (D:5)
  An endoplasm (D:1)
  3 giant cockroaches
  3 quokkas
  2 ball pythons
  A bat (D:1)
  2 frilled lizards (D:1)
  A kobold (D:1)
  3 rats (D:1)
27 creatures vanquished.

Vanquished Creatures (collateral kills)
  A jelly (D:5)
1 creature vanquished.

Vanquished Creatures (others)
  2 fulminant prisms (D:5)
2 creatures vanquished.

Grand Total: 30 creatures vanquished

Notes
Turn   | Place    | Note
-------+----------+-------------------------------------------
     0 | D:1      | javelincjr the Djinni Conjurer began the quest for the Orb.
     0 | D:1      | javelincjr set off with the following spells memorised:
                  | Magic Dart, Searing Ray, Dazzling Flash, Fulminant Prism,
                  | Iskenderun's Mystic Blast.
     0 | D:1      | Reached XP level 1. HP: 15/15 MP: 0/0
   409 | D:1      | Reached XP level 2. HP: 11/21 MP: 0/0
  1329 | D:2      | Noticed Jessica
  1332 | D:2      | Killed Jessica
  1333 | D:2      | Reached XP level 3. HP: 20/25 MP: 0/0
  1333 | D:2      | Learned a level 1 spell: Freeze
  1340 | D:2      | Reached XP level 4. HP: 18/31 MP: 0/0
  1553 | D:2      | Found a faded altar of an unknown god.
  2215 | D:3      | You are sucked into a shaft and drop 2 floors!
  2215 | D:5      | Entered Level 5 of the Dungeon
  2377 | D:5      | Reached XP level 5. HP: 31/35 MP: 0/0
  2377 | D:5      | Learned a level 2 spell: Call Imp
  2521 | D:5      | Noticed a black bear
  2548 | D:5      | Killed by miscasting Iskenderun's Mystic Blast

Illustrated notes

Levels and vault maps discovered:
D:1:      dpeg_arrival_line_fractal, layout_basic
D:2:      layout_basic, shapermc_ecumenical_altar_acropolis, uniq_jessica
D:3:      cheibrodos_old_hovel, layout_loops_cross, kennysheep_orc_sif_temple,
          okawaru_ov_weapons_minmay
D:5:      layout_basic

Skill      XL: |  1  2 |
---------------+-------+-----
Dodging        | 3 |  3.7
Stealth        | 2 |  2.9
Spellcasting   | |  3.9

Action                   |  1- 3 |  4- 6 || total
-------------------------+-------+-------++-------
 Cast: Magic Dart        |    33 |    34 ||    67
       Searing Ray       |     3 |     2 ||     5
       Iskenderun's Myst |       |     2 ||     2
       Call Imp          |       |     2 ||     2
       Fulminant Prism   |       |     2 ||     2
Armor: Robe              |     4 |       ||     4
Dodge: Dodged            |     5 |     9 ||    14
